 Dungeon Crawl Stone Soup version 0.30.1-11-g7821555f0a (webtiles) character file.

Game seed: 5873777735705771617

26173 lonewolfV2 the Spry (level 12, -14/253 HPs)
             Began as a Minotaur Fighter on Oct 31, 2023.
             Was an Initiate of Gozag.
             Demolished by Rupert
             ... wielding a +0 great mace of protection
              (37 damage)
             ... on level 13 of the Dungeon.
             The game lasted 00:29:13 (15449 turns).

lonewolfV2 the Spry (Minotaur Fighter)             Turns: 15449, Time: 00:29:14

Health: -14/253    AC: 30    Str: 27    XL:     12   Next: 96%
Magic:  11/11      EV:  2    Int:  5    God:    Gozag
Gold:   1191       SH: 12    Dex: 16    Spells: 11/11 levels left

rFire   + . .        G - +4 broad axe
rCold   + . .        z - +3 kite shield of Xof Zaip {Harm Regen+ Str+3 Dex+4}
rNeg    + . .        f - melded +2 plate armour "Caczaen" {Dex+3}
rPois   +            (helmet currently unavailable)
rElec   +            q - melded +2 cloak
rCorr   +            u - melded +0 pair of gloves
SInv    .            (boots currently unavailable)
Will    .....        v - amulet of magic regeneration Stlth
                     j - ring of positive energy
HPRegen 1.42/turn    F - +4 ring of protection
MPRegen 0.52/turn

%: harm (+30% outgoing, +20% incoming)
@: berserking, tree-form, resistant, invisible, very quick
A: stationary, stasis, torment immunity, boosted hp, (horns 2), (retaliatory
headbutt)
a: Renounce Religion, Potion Petition, Call Merchant, Bribe Branch


You were on level 13 of the Dungeon.
You worshipped Gozag.
Gozag was most pleased with you.
You were a tree.
You visited 1 branch of the dungeon, and saw 13 of its levels.

You collected 4620 gold pieces.
You spent 1734 gold pieces at shops.
You paid 1695 gold pieces to Gozag.

Inventory:

Hand Weapons
 a - a +1 war axe
 d - the +11 glaive of the Cursing Whale {venom, *Noise Fly SInv}
   (You found it on level 7 of the Dungeon)

   SInv:      It lets you see invisible.
   Fly:       It grants you flight.
   *Noise:    It may make noises in combat.
 x - the +12 pair of quick blades "Gyre" and "Gimble" {protect}
   (You acquired it on level 9 of the Dungeon)
 G - a +4 broad axe (weapon)
Armour
 f - the +2 plate armour "Caczaen" (melded) {Dex+3}
   (You bought it in a shop on level 1 of the Dungeon)

   Dex:       It affects your dexterity (+3).
 q - a +2 cloak (melded)
 r - a +1 tower shield
 u - a +0 pair of gloves (melded)
 z - the +3 kite shield of Xof Zaip (worn) {Harm Regen+ Str+3 Dex+4}
   (You bought it in a shop on level 12 of the Dungeon)

   Str:       It affects your strength (+3).
   Dex:       It affects your dexterity (+4).
   Regen:     It increases your rate of health regeneration.
   Harm:      It increases damage dealt and taken.
Jewellery
 j - a ring of positive energy (left branch)
 v - an amulet of magic regeneration (around neck)
 F - a +4 ring of protection (right branch)
Wands
 h - a wand of flame (25)
 l - a wand of light (4)
 s - a wand of paralysis (12)
 E - a wand of mindburst (5)
Scrolls
 e - a scroll of magic mapping
 i - a scroll of fog {unknown}
 n - a scroll of silence
 y - a scroll of amnesia
 A - a scroll of teleportation
Potions
 b - 2 potions of lignification
 g - 2 potions of invisibility
 k - a potion of flight
 m - 2 potions of haste
 o - a potion of might
 p - 2 potions of degeneration
 C - a potion of resistance
 H - a potion of mutation


   Skills:
 - Level 12.6 Fighting
 - Level 8.0 Short Blades
 * Level 8.0 Axes
 - Level 11.4 Armour
 + Level 15.7 Dodging
 - Level 3.6 Shields


You had 11 spell levels left.
You didn't know any spells.
Your spell library contained the following spells:

 Spells                   Type           Power      Damage    Failure   Level
 Freeze                   Ice            0%         1d3       71%         1
 Blink                    Tloc           0%         N/A       85%         2
 Lesser Beckoning         Tloc           0%         N/A       85%         2
 Momentum Strike          Conj/Tloc      0%         3d8       85%         2
 Frozen Ramparts          Ice            0%         1d1       97%         3
 Hailstorm                Conj/Ice       0%         3d3       97%         3
 Anguish                  Hex/Necr       0%         N/A       100%        4
 Cause Fear               Hex            0%         N/A       100%        4
 Ice Form                 Ice/Tmut       0%         N/A       100%        4
 Summon Ice Beast         Ice/Summ       0%         N/A       100%        4
 Enfeeble                 Hex            0%         N/A       100%        7


Dungeon Overview and Level Annotations

Branches:
Dungeon (13/15)            Temple (0/1) D:6            Lair (0/5) D:11
    Orc (0/2) D:11         Vaults (0/5) D:13

Altars:
Cheibriados
Gozag
Kikubaaqudgha
Makhleb
Qazlal
Ru
Trog

Shops:
D:1 [   D:8 (   D:10 !   D:12 ?[   D:13 **

Annotations:
D:13 Nessos, Rupert


Innate Abilities, Weirdness & Mutations

You are a tree.
Your roots penetrate the ground, keeping you stationary.
You cannot be teleported.
You are immune to unholy pain and torment.
Your maximum health is greatly increased.
Your equipment is partially melded.
((You have a pair of horns on your head.))
((You reflexively headbutt those who attack you in melee.))


Message History

* * * LOW HITPOINT WARNING * * *
You feel better. Rupert hits you but does no damage.
You block the fire elemental's attack.
You feel better. You block Rupert's attack. The fire elemental hits you.
The fire elemental burns you!
* * * LOW HITPOINT WARNING * * *
Rupert hits you with a +0 great mace of protection!
* * * LOW HITPOINT WARNING * * *
You fade into invisibility!
You block the fire elemental's attack.
Rupert hits you with a +0 great mace of protection!
* * * LOW HITPOINT WARNING * * *
You feel protected. You block Rupert's attack.
You block the fire elemental's attack. Rupert hits you but does no damage.
The fire elemental hits you. The fire elemental burns you! You resist.
* * * LOW HITPOINT WARNING * * *
A red film seems to cover your vision as you go berserk!
You feel yourself moving faster!
You feel mighty! You block Rupert's attack.
You block the fire elemental's attack.
You slash Rupert!
Rupert is heavily wounded.
You slash the fire elemental!
Rupert hits you with a +0 great mace of protection!
* * * LOW HITPOINT WARNING * * *
The fire elemental hits you.
The deep elf pyromancer casts a spell at Rupert.
The sticky flame hits the human.
The human is covered in liquid flames!
Rupert hits you with a +0 great mace of protection.
* * * LOW HITPOINT WARNING * * *
The human shouts!
You slice Rupert!!
Rupert is severely wounded.
You catch the helpless fire elemental completely off-guard!
You slash the fire elemental!
You destroy the fire elemental!
The fire elemental disappears in a puff of smoke!
Rupert hits you with a +0 great mace of protection!!
You die...
Your body crumbles into a pile of gold.

###....#.....##..'..##...........
..# #....(..#.#.#.............
..+ #........###......... ..#
#.........∩.......... ..#
#........###......... ..#
#.####..#.#.#........ ..# #.
###..#..##...... ..# #
#....#.......... ..#
#...♣#..........
#.####..§@#..........
#.......p.###########
#########e........# #.#.......# $
#.#.......# #.#.......#
#.#.......# #.........######Q#


You could see Rupert (berserk, unable to see you), a deep elf pyromancer (unable
to see you) and a human (unable to see you, burning).

Vanquished Creatures
  3 centaur warriors (D:13)
  2 two-headed ogres (D:11)
  6 boulder beetles (D:12)
  Urug (D:13)
  An obsidian statue (D:11)
  Pikel (D:5)
  A wolf spider (D:13)
  A deep elf pyromancer (D:12)
  2 ugly things
  2 cyclopes
  An unseen horror (D:11)
  Maggie (D:6)
  2 komodo dragons
  A tengu conjurer (D:13)
  Grinder (D:3)
  4 trolls
  7 slime creatures
  Sigmund (D:4)
  A water elemental (D:12)
  12 humans (D:13)
  14 yaks
  2 wraiths (D:10)
  Grum (D:10)
  A steam dragon (D:6)
  8 vampire mosquitoes (D:12)
  Menkaure (D:4)
  3 wargs (D:11)
  2 acid dragons
  A water moccasin (D:7)
  A sky beast (D:7)
  3 orc warriors
  2 ice beasts (D:5)
  3 black bears
  3 ogres
  11 centaurs
  2 wolves (D:10)
  A lemure (D:5)
  5 kobold brigands
  3 bullfrogs
  5 scorpions
  8 wights (D:9)
  27 killer bees
  A howler monkey (D:9)
  7 electric eels
  3 hounds
  A jelly (D:4)
  7 orc priests
  Crazy Yiuf (D:3)
  A gnoll bouda (D:9)
  2 sleepcaps
  3 iguanas
  5 orc wizards
  13 gnolls
  4 adders
  2 shadow imps
  A white imp (D:7)
  An ufetubus (D:4)
  2 worms (D:2)
  3 dart slugs
  30 orcs
  8 ball pythons
  4 endoplasms
  7 giant cockroaches
  9 goblins
  7 hobgoblins
  4 jackals (D:2)
  25 kobolds
  4 quokkas
  4 bats
  5 frilled lizards
  4 rats
326 creatures vanquished.

Notes
Turn   | Place    | Note
-------+----------+-------------------------------------------
     0 | D:1      | lonewolfV2 the Minotaur Fighter began the quest for the
                  | Orb.
     0 | D:1      | Reached XP level 1. HP: 19/19 MP: 0/0
   237 | D:1      | Reached XP level 2. HP: 23/27 MP: 1/1
   293 | D:1      | Found Olliad's Armour Emporium.
   771 | D:2      | Found a snail-covered altar of Cheibriados.
   904 | D:2      | Reached XP level 3. HP: 16/33 MP: 2/2
  1578 | D:3      | Found an opulent altar of Gozag.
  1605 | D:3      | Became a worshipper of Gozag Ym Sagoz the Greedy
  1879 | D:3      | Reached XP level 4. HP: 41/41 MP: 3/3
  2128 | D:3      | Found a faded altar of an unknown god.
  2191 | D:3      | Noticed Grinder
  2196 | D:3      | Paralysed by Grinder for 3 turns
  2215 | D:3      | Paralysed by Grinder for 4 turns
  2219 | D:3      | Killed Grinder
  2220 | D:3      | Reached XP level 5. HP: 19/50 MP: 4/4
  2220 | D:3      | Reached XP level 6. HP: 22/57 MP: 5/5
  2566 | D:3      | Found a runed translucent door.
  2567 | D:3      | Noticed Crazy Yiuf
  2661 | D:3      | Found a bloodstained altar of Trog.
  2850 | D:3      | Killed Crazy Yiuf
  3101 | D:4      | Reached skill level 1 in Dodging
  3572 | D:4      | Reached skill level 2 in Dodging
  3661 | D:4      | Reached skill level 3 in Dodging
  3661 | D:4      | Reached XP level 7. HP: 15/63 MP: 6/6
  4048 | D:4      | Reached skill level 5 in Armour
  4048 | D:4      | Reached skill level 4 in Dodging
  4202 | D:1      | Bought the +2 plate armour "Caczaen" {Dex+3} for 509 gold
                  | pieces
  4367 | D:4      | Noticed Sigmund
  4376 | D:4      | Killed Sigmund
  4377 | D:4      | Reached skill level 5 in Dodging
  4446 | D:4      | Noticed Menkaure
  4454 | D:4      | Killed Menkaure
  4520 | D:4      | Reached skill level 6 in Dodging
  4520 | D:4      | Reached XP level 8. HP: 11/70 MP: 7/7
  5255 | D:4      | Found an ancient bone altar of Kikubaaqudgha.
  5329 | D:5      | Entered Level 5 of the Dungeon
  5406 | D:5      | Noticed Pikel
  5422 | D:5      | Killed Pikel
  5423 | D:5      | Reached skill level 7 in Dodging
  5493 | D:5      | Reached skill level 8 in Dodging
  5652 | D:5      | Reached XP level 9. HP: 75/75 MP: 8/8
  5760 | D:5      | Identified the +1 scale mail "Riepporph" {rPois}
  6247 | D:6      | Found a staircase to the Ecumenical Temple.
  6412 | D:6      | Found a burning altar of Makhleb.
  6614 | D:6      | Noticed Maggie
  6629 | D:6      | Killed Maggie
  6630 | D:6      | Reached skill level 9 in Dodging
  6955 | D:6      | Reached skill level 10 in Armour
  7203 | D:7      | Reached skill level 10 in Dodging
  7768 | D:7      | Identified the +11 glaive of the Cursing Whale {venom,
                  | *Noise Fly SInv}
  8397 | D:8      | Found a sacrificial altar of Ru.
  8418 | D:8      | Noticed a green ugly thing
  8430 | D:8      | Reached XP level 10. HP: 24/83 MP: 9/9
  8439 | D:8      | Killed a green ugly thing
  8440 | D:8      | Reached skill level 11 in Dodging
  8754 | D:8      | Found Diurebb's Antique Weapon Shoppe.
  8996 | D:9      | Identified a scroll of acquirement
  8996 | D:9      | Acquired the +12 pair of quick blades "Gyre" and "Gimble"
                  | {protect}
  8996 | D:9      | Found the +12 pair of quick blades "Gyre" and "Gimble"
                  | {protect}
  9413 | D:9      | Reached skill level 12 in Dodging
  9439 | D:9      | Reached skill level 1 in Short Blades
  9965 | D:10     | Entered Level 10 of the Dungeon
 10079 | D:10     | Noticed Grum
 10096 | D:10     | Killed Grum
 10097 | D:10     | Reached skill level 5 in Short Blades
 10379 | D:10     | Reached XP level 11. HP: 85/89 MP: 10/10
 10844 | D:10     | Bought a potion of curing for 48 gold pieces
 10844 | D:10     | Bought 2 potions of heal wounds for 160 gold pieces
 10844 | D:10     | Bought a potion of resistance for 160 gold pieces
 10977 | D:11     | Noticed a two-headed ogre
 10989 | D:11     | Killed a two-headed ogre
 11200 | D:11     | Noticed a two-headed ogre
 11213 | D:11     | Found a staircase to the Lair.
 11220 | D:11     | Killed a two-headed ogre
 11288 | D:11     | Found a staircase to the Orcish Mines.
 11409 | D:11     | Noticed an obsidian statue
 11434 | D:11     | Killed an obsidian statue
 11435 | D:11     | Reached skill level 13 in Dodging
 11997 | D:12     | Noticed a boulder beetle
 12018 | D:12     | Killed a boulder beetle
 12423 | D:12     | Reached skill level 10 in Fighting
 12641 | D:12     | Found Qyuzi's Magic Scroll Boutique.
 12645 | D:12     | Noticed a boulder beetle
 12646 | D:12     | Noticed a boulder beetle
 12686 | D:12     | Killed a boulder beetle
 12687 | D:12     | Reached XP level 12. HP: 85/106 MP: 11/11
 12696 | D:12     | Killed a boulder beetle
 12697 | D:12     | Reached skill level 14 in Dodging
 12877 | D:12     | Noticed a boulder beetle
 12897 | D:12     | Killed a boulder beetle
 12955 | D:12     | Found a stormy altar of Qazlal.
 13493 | D:12     | Noticed a boulder beetle
 13493 | D:12     | Noticed a boulder beetle
 13516 | D:12     | Killed a boulder beetle
 13526 | D:12     | Killed a boulder beetle
 13913 | D:13     | Noticed a centaur warrior
 14453 | D:13     | Killed a centaur warrior
 14454 | D:13     | Reached skill level 15 in Dodging
 14474 | D:12     | Bought the +3 kite shield of Xof Zaip {Harm Regen+ Str+3
                  | Dex+4} for 659 gold pieces
 14505 | D:13     | Noticed a centaur warrior
 14517 | D:13     | Killed a centaur warrior
 14665 | D:13     | Noticed Urug
 14666 | D:13     | Noticed Nessos
 14667 | D:13     | Noticed Rupert
 14689 | D:13     | Killed Urug
 14987 | D:13     | Acquired 1102 gold pieces
 15026 | D:13     | Found Vuadu's Fire Supplies.
 15288 | D:13     | Noticed a centaur warrior
 15298 | D:13     | Killed a centaur warrior
 15368 | D:13     | Found Bugar's Neck Hole.
 15377 | D:13     | Bought a +2 cloak for 198 gold pieces
 15414 | D:13     | Found a gate to the Vaults.
 15449 | D:13     | Demolished by Rupert

Illustrated notes

Levels and vault maps discovered:
D:1:      shiori_arrival_elements, layout_basic, serial_shops, shop_fountains,
          minmay_tree_intersection
D:2:      layout_basic, basic_altar
D:3:      layout_loops_ring, trog_book, nicolae_gozag_seed_capital,
          ebering_ecumenical_altar_hall, minmay_misc_feat_roman, nrook_uturn,
          chequers_serial_rivers_marsh, supply_closet_lemuel, uniq_grinder,
          uniq_crazy_yiuf_cottage
D:4:      minmay_polygon_palace, layout_loops_ring,
          nicolae_overflow_hidden_temple, uniq_sigmund, uniq_menkaure
D:5:      layout_basic, serial_curves, eino_curves_01, eino_curves_04,
          eino_curves_01, uniq_pikel
D:6:      layout_basic, general_overflow_altar, minmay_temple_entry_overgrown,
          uniq_maggie
D:7:      layout_cave_pods, grunt_decor_fettered
D:8:      layout_rooms, nicolae_ru_the_path_less_chosen, serial_shops, shop,
          serial_glass, glass_columns_b, glass_columns_b, glass_columns_a,
          glass_columns_c
D:9:      layout_irregular_city
D:10:     layout_basic, uniq_grum
D:11:     layout_big_octagon, erik_lair_orcish_takeover, orc_0_dummy,
          minivault_16
D:12:     layout_basic, serial_shops, shop, nicolae_qazlal_scattered_showers
D:13:     layout_stronghold, david_vaults_3, nicolae_shop_fire_sale
          [nicolae_sub_dead_trees], nicolae_shop_sticking_my_neck_out

Skill      XL: |  1  2  3  4  5  6  7  8  9 10 11 12 |
---------------+-------------------------------------+-----
Axes           | 3 4 6 8 |  8.0
Fighting       | 4 6 10 12 | 12.6
Dodging        | 3 6 8 10 12 13 15 | 15.7
Armour         | 4 6 8 10 11 | 11.4
Short Blades   | 7 8 |  8.0
Shields        | |  3.6

Action                     |  1- 3 |  4- 6 |  7- 9 | 10-12 || total
---------------------------+-------+-------+-------+-------++-------
  Melee: War axe           |    71 |    92 |   253 |    11 ||   427
         Headbutt          |     9 |    17 |    50 |   146 ||   222
         Pair of quick bla |       |       |       |   506 ||   506
         Broad axe         |       |       |       |    60 ||    60
 Invoke: Call Merchant     |       |       |       |     2 ||     2
  Evoke: Wand              |       |     6 |       |     3 ||     9
    Use: Scroll            |     4 |     3 |     9 |    11 ||    27
         Potion            |     1 |     4 |     3 |    21 ||    29
   Stab: Distracted        |       |     1 |     1 |     1 ||     3
         Invisible         |       |       |       |     1 ||     1
 Armour: Scale mail        |    30 |       |       |       ||    30
         Plate armour      |     4 |    71 |   199 |   296 ||   570
         Skin              |       |       |       |     8 ||     8
  Dodge: Dodged            |    54 |    22 |   109 |   344 ||   529
  Block: Buckler           |     5 |       |       |       ||     5
         Kite shield       |    34 |    52 |    59 |    53 ||   198
         Tower shield      |       |       |   192 |     7 ||   199
